 Dungeon Crawl Stone Soup version 0.01-2115-ge649c80b0b (webtiles) character file.

Game seed: 2823511228507812643, levelgen mode: deterministic

1559 Lanoc the Fighter (level 8, -7/75 HPs) Lime Draconian Demonspawn. Began on June 6, 2020. Mangled by a guardian mummy (14 damage) ... on level 3 of the Dungeon. The game lasted 00:09:48 (1424 turns).

Lanoc the Fighter (Lime Draconian Demonspawn)       Turns: 1424, Time: 00:09:49

Health: -7/75      AC:  7    Str: 17    XL:     8 ^: 570
Magic:  12/12      EV: 14    Int: 13    God:
Gold:   61         SH:  5    Dex: 12    Spells: 11/12 levels left

rFire    . . .     Vision   .   a - +0 long sword
rCold    . . .     Gourm    .   e - +0 buckler
rNeg     . . .     Faith    .   (armour unavailable)
rPois    .         Spirit   .   (helmet restricted)
rElec    .         Reflect  .   (no cloak)
rCorr    +         Harm     .   (no gloves)
MR       .....                  (no boots)
Stlth    ++........             (no amulet)
HPRegen  0.35/turn              (no ring)
MPRegen  0.22/turn              (no ring)

@: short of breath, very slightly contaminated
A: no body armour, unfitting armour, hooves 1, nightstalker 1, powered by pain
1, cold-blooded, transmutation enhancer 1, rCorr, AC +7
a: Breathe Acid


You were on level 3 of the Dungeon.
You were hungry.

You visited 1 branch of the dungeon, and saw 3 of its levels.

You collected 61 gold pieces.

Inventory:

Weapons
 a - a +0 long sword (weapon)
 f - a +0 scythe Shields
 e - a +0 buckler (shield)
Wands
 b - a wand of polymorph (2)
Scrolls
 g - a scroll of teleportation
Comestibles
 c - 4 rations


   Skills:
 + Level 8.3 Fighting
 - Level 1.5 Long Blades
 + Level 6.0 Dodging
 - Level 1.3 Stealth
 + Level 2.3 Shields
 - Level 2.6 Spellcasting
   Level 3.0 Invocations


You had 11 spell levels left.
You knew the following spells:

 Your Spells              Type           Power        Failure   Level  Hunger
a - Flame Tongue          Fire           1 (40)       32%         1    #......

Your spell library contained the following spells:

 Spells                   Type           Power        Failure   Level  Hunger
 Blink                    Tloc           N/A          45%         2    ###....
 Call Imp                 Summ           1 (100)      45%         2    ###....
 Slow                     Hex            1 (100)      45%         2    ###....
 Conjure Flame            Fire           1 (100)      69%         3    ###....
 Mephitic Cloud           Pois/Air       1 (100)      69%         3    ###....


Dungeon Overview and Level Annotations

Branches:
Dungeon (3/8)

Altars:
Kikubaaqudgha
Uskayaw
Xom

Shops:
D:2 *


Innate Abilities, Weirdness & Mutations

You cannot fit into any form of body armour.
Your slimy lime-green scales are hard. (AC +7)
You can breathe balls of acidic spit.
You have large cloven feet.
You are slightly more attuned to the shadows.
You sometimes gain a little power by taking damage.
You are cold-blooded and may be slowed by cold attacks.
You are in touch with the powers of transmutation.
Your slimy lime-green scales grant you resistance to acid and corrosion. (rCorr)


Message History

You hit the guardian mummy (5). You tail-slap the guardian mummy (2).
The guardian mummy is severely damaged. (17/47) HP The guardian mummy hits you but does no damage.
You hit the guardian mummy (4).
The guardian mummy is severely damaged. (13/47) HP The guardian mummy hits you but does no damage.
You hit the guardian mummy (4). You kick the guardian mummy (3).
The guardian mummy is almost destroyed. (6/47) HP An orc comes into view.
The guardian mummy hits you (28)!!
* * * LOW HITPOINT WARNING * * *
The orc shouts!
Unknown command.
You hit the guardian mummy (2).
You kick the guardian mummy, but do no damage.
The guardian mummy is almost destroyed. (4/47) HP You hear a shout!
An orc comes into view.
The guardian mummy hits you (14)!
You die...

..###. ..#o.
..............
##o...###.............
#....##...............
#...##......##.......
#..##...........>...
#.##...........†...
#.@Mo........M<†...
#..###'###....†....
##.###.###.........
#.###.###........#
#.###_..+...#..###
#.###.###.....##
#.###.###..##.. #. ##


You could see a guardian mummy and 3 orcs.

Vanquished Creatures
  A hippogriff (D:3)
  A slime creature (D:2)
  Sigmund (D:2)
  Purgy (D:2)
  3 big kobolds (D:2)
  A bullfrog (D:2)
  3 jellies (D:2)
  2 adders (D:2)
  50 sewer rats (D:2)
  2 worms (D:2)
  5 cinder newts
  4 oozes (D:2)
  3 leopard geckos
  3 giant cockroaches
  21 kobolds
  2 quokkas (D:1)
  A ball python skeleton (D:2)
  3 bats
  A kobold skeleton (D:2)
  A leopard gecko zombie (D:3)
  A quokka zombie (D:3)
  4 rats (D:1)
  2 rat skeletons (D:2)
116 creatures vanquished.

Vanquished Creatures (others)
  A jelly (D:2)
  An ooze (D:2)
  An adder skeleton (D:2)
  A ball python (D:2)
  2 withered plants (D:2)
6 creatures vanquished.

Grand Total: 122 creatures vanquished

Notes
Turn   | Place    | Note
-------+----------+-------------------------------------------
     0 | D:1      | Lanoc the Immature Draconian Demonspawn began the quest for
                  | the Orb.
     0 | D:1      | Reached XP level 1. HP: 18/18 MP: 4/4
    91 | D:1      | Gained mutation: You have large cloven feet. [demonic
                  | ancestry]
    91 | D:1      | Reached XP level 2. HP: 25/25 MP: 5/5
   134 | D:2      | Noticed a slime creature
   146 | D:2      | Killed a slime creature
   146 | D:2      | Reached skill level 4 in Fighting
   146 | D:2      | Reached XP level 3. HP: 6/35 MP: 0/7
   146 | D:2      | Gained mutation: You sometimes gain a little power by
                  | taking damage. [demonic ancestry]
   146 | D:2      | Reached XP level 4. HP: 7/41 MP: 0/8
   146 | D:2      | Reached XP level 5. HP: 8/47 MP: 0/9
   163 | D:2      | Reached skill level 5 in Fighting
   316 | D:2      | Reached XP level 6. HP: 43/56 MP: 8/10
   537 | D:2      | Reached skill level 6 in Fighting
   560 | D:2      | Your scales start taking on a slimy lime-green colour.
   560 | D:2      | Reached XP level 7. HP: 54/63 MP: 0/11
   560 | D:2      | Gained mutation: Your slimy lime-green scales grant you
                  | resistance to acid and corrosion. (rCorr) [Lime Draconian
                  | growth]
   560 | D:2      | Gained mutation: You are in touch with the powers of
                  | transmutation. [Lime Draconian growth]
   695 | D:2      | Noticed Purgy
   707 | D:2      | Reached skill level 5 in Dodging
   712 | D:2      | Killed Purgy
   712 | D:2      | Reached skill level 7 in Fighting
   913 | D:2      | Found Pececov's Assorted Antiques.
  1016 | D:2      | Found a shimmering altar of Xom.
  1052 | D:2      | Gained mutation: You are slightly more attuned to the
                  | shadows. [demonic ancestry]
  1052 | D:2      | Reached XP level 8. HP: 55/73 MP: 8/12
  1075 | D:2      | Noticed Sigmund
  1110 | D:2      | Killed Sigmund
  1110 | D:2      | Reached skill level 1 in Shields
  1296 | D:2      | Reached skill level 8 in Fighting
  1357 | D:2      | Found an ancient bone altar of Kikubaaqudgha.
  1401 | D:3      | Found a hide-covered altar of Uskayaw.
  1424 | D:3      | Mangled by a guardian mummy

Levels and vault maps discovered:
D:1:      onia_arrival_larder, layout_loops_corners
D:2:      layout_sewer, kennysheep_mini_moat, kennysheep_little_box,
          serial_shops, nicolae_shop_overgrown_old_shop, first_ration,
          uniq_sigmund, uniq_purgy
D:3:      layout_cave_pools, fedhas_altar_2, tgw_trog,
          bcadren_lemuel_inverted_doored_altar, enter_ossuary_1,
          ossuary_minmay_four_chambers

Skill      XL: |  1  2  3  4  5  6  7  8 |
---------------+-------------------------+-----
Fighting       | 4 5 6 7 8 |  8.3
Dodging        | 3 4 5 6 |  6.0
Shields        | 2 |  2.3
Long Blades    | |  1.5
Stealth        | |  1.3
Spellcasting   | |  2.6
Invocations    | |  3.0

Action                   |  1- 3 |  4- 6 |  7- 9 || total
-------------------------+-------+-------+-------++-------
Melee: Long sword        |    18 |    29 |   122 ||   169
       Unarmed           |    10 |     5 |       ||    15
       Kick              |     1 |    10 |    41 ||    52
       Tailslap          |       |     6 |    13 ||    19
 Cast: Flame Tongue      |     5 |    41 |    65 ||   111
 Abil: Breathe Dart      |       |     3 |       ||     3
       Breathe Acid      |       |       |    15 ||    15
 Stab: Sleeping          |     5 |       |       ||     5
  Eat: Chunk             |       |       |     8 ||     8
Armor: Skin              |     8 |    17 |    51 ||    76
Dodge: Dodged            |    16 |    43 |   184 ||   243
Block: Buckler           |       |    14 |    59 ||    73
       Rpst.: Long sword |    10 |    18 |    57 ||    85
       Unarmed           |     2 |     2 |       ||     4
